 Dungeon Crawl Stone Soup version 0.23-a0-808-gd21de94 (webtiles) character file.

291 MalarOregon the Poker (level 6, -2/49 HPs)
             Began as a Merfolk Gladiator on Jan 20, 2019.
             Slain by an orc
             ... wielding a +0 club
              (6 damage)
             ... on level 3 of the Dungeon.
             The game lasted 00:03:38 (2734 turns).

MalarOregon the Poker (Merfolk Gladiator)           Turns: 2734, Time: 00:03:39

Health: -2/49      AC:  4    Str: 14    XL:     6   Next: 32%
Magic:  6/6        EV: 16    Int: 10    God:
Gold:   84         SH:  0    Dex: 17    Spells: 5/5 levels left

rFire    . . .     SeeInvis .   t - +0 halberd
rCold    . . .     Gourm    .   (shield currently unavailable)
rNeg     . . .     Faith    .   b - +0 leather armour
rPois    .         Spirit   .   c - +0 helmet
rElec    .         Reflect  .   (no cloak)
rCorr    .         Harm     .   (no gloves)
MR       .....                  (no boots)
Stlth    +.........             (no amulet)
HPRegen  0.16/turn              (no ring)
MPRegen  0.10/turn              (no ring)

@: no status effects
A: change form in water, swift swim, stealthy swim, agile 1, blurry vision 1,
sense surroundings 1
a: no special abilities


You were on level 3 of the Dungeon.
You were not hungry.

You visited 1 branch of the dungeon, and saw 3 of its levels.

You collected 84 gold pieces.

Inventory:

Hand Weapons
 a - a +0 trident
 t - a +0 halberd (weapon)
   (You took it off a gnoll on level 3 of the Dungeon)
Armour
 b - a +0 leather armour (worn)
 c - a +0 helmet (worn)
Jewellery
 m - an uncursed ring of protection from fire {unknown}
   (You found it on level 2 of the Dungeon)
 n - an uncursed ring of resist corrosion {unknown}
   (You found it on level 2 of the Dungeon)
Scrolls
 f - 2 scrolls of fog {unknown}
 g - 3 scrolls of identify {unknown}
 h - 2 scrolls of amnesia {unknown}
 k - 4 scrolls of remove curse {unknown}
 l - a scroll of noise {unknown}
 o - a scroll of teleportation {unknown}
 q - 2 scrolls of immolation {unknown}
 r - a scroll of fear {unknown}
Potions
 s - a potion of curing {@q1}
Comestibles
 e - 7 rations {!d}
 p - 3 chunks of flesh


   Skills:
 * Level 4.4 Fighting
 * Level 6.7 Polearms
 - Level 2.0 Throwing
 * Level 6.2 Dodging


You had 5 spell levels left.
You didn't know any spells.
Your spell library was empty.

Dungeon Overview and Level Annotations

Branches:
Dungeon (3/15)

Altars:
Ru


Innate Abilities, Weirdness & Mutations

You revert to your normal form in water You are very nimble and swift while swimming.
You are very stealthy in the water. (Stealth+)
You are agile. (Dex +2)
Scrolls take you a little longer to read.
You passively map a small area around you.


Message History

You reach to attack!
You hit the orc priest. The leopard gecko closely misses you.
The orc barely misses you.
Attack whom?
Aim: an orc priest, wielding a +1 dagger of freezing and wearing a +0 ring mail (lightly wounded)
You reach to attack!
You completely miss the orc priest.
The leopard gecko bites you but does no damage.
The orc hits you but does no damage. The orc closely misses you.
The orc misses you. The leopard gecko barely misses you. The orc misses you.
The orc priest invokes the aid of Beogh against you.
Beogh smites you!
* * * LOW HITPOINT WARNING * * *
The orc hits you but does no damage.
The orc priest casts a cantrip, but nothing happens.
You closely miss the orc. The orc hits you with a +0 hand axe.
* * * LOW HITPOINT WARNING * * *
Throwing (i - inventory)
d - 2 throwing nets (quivered)
{!f}
Aim: an orc priest, wielding a +1 dagger of freezing and wearing a +0 ring mail (lightly wounded) Really fire
d - 2 throwing nets {!f}?
You throw a throwing net {!f}.
The throwing net {!f} barely misses the orc priest.
The orc misses you.
You puncture the orc!
You kill the orc!
The leopard gecko completely misses you.
The leopard gecko barely misses you.
Throwing (i - inventory)
d - a throwing net (quivered)
{!f}
Aim: an orc priest, wielding a +1 dagger of freezing and wearing a +0 ring mail (lightly wounded) Really fire
d - a throwing net {!f}?
You throw a throwing net {!f}.
The throwing net {!f} closely misses the orc priest.
The orc hits you with a +0 club.
* * * LOW HITPOINT WARNING * * *
The leopard gecko hisses menacingly.
The leopard gecko bites you.
* * * LOW HITPOINT WARNING * * *
It was a potion of curing.
You feel better. The leopard gecko closely misses you.
The orc barely misses you.
It was a potion of magic.
Magic courses through your body. The orc closely misses you.
The leopard gecko bites you.
* * * LOW HITPOINT WARNING * * *
It was a potion of mutation.
You feel extremely strange.
Your vision blurs.
You feel a strange attunement to the structure of the dungeons.
You feel agile. The leopard gecko bites you.
* * * LOW HITPOINT WARNING * * *
The orc hits you with a +0 war axe.
* * * LOW HITPOINT WARNING * * *
The orc hits you with a +0 club.
You die...

#......###.#.#(......
########........#...#.......
................##(.#.......
*
....(.....oo....##..###.####
,....(....o#l#o..##..#
#.....
..........#.....)...###.(...
..........###..(###..##.....
..........###...# ##.##.....
.........oo@o...# #.##.....
...........ol...# #..#.....
................# ##.#.....
,................# #.#.....
################### #.#.....
* #########........#
#.#.#### ..................#
#...# * ............)......#
##..# , ...................#
#..#


You could see an orc priest, 3 orcs and a leopard gecko.

Vanquished Creatures
  Sigmund (D:3)
  An orc wizard (D:3)
  3 gnolls (D:3)
  An adder (D:2)
  3 dart slugs
  2 leopard geckos
  An orc (D:3)
  2 ball pythons (D:2)
  3 giant cockroaches
  5 goblins
  11 hobgoblins
  5 jackals (D:3)
  4 bats
  4 frilled lizards
  6 kobolds
  7 rats
59 creatures vanquished.

Notes
Turn   | Place    | Note
-------+----------+-------------------------------------------
     0 | D:1      | MalarOregon the Merfolk Gladiator began the quest for the
                  | Orb.
     0 | D:1      | Reached XP level 1. HP: 16/16 MP: 1/1
   280 | D:1      | Reached XP level 2. HP: 23/23 MP: 2/2
   918 | D:2      | Reached skill level 5 in Polearms
   918 | D:2      | Reached XP level 3. HP: 18/28 MP: 3/3
  1945 | D:3      | Reached XP level 4. HP: 29/35 MP: 4/4
  1949 | D:3      | Noticed Sigmund
  1988 | D:3      | Killed Sigmund
  1988 | D:3      | Reached skill level 5 in Dodging
  1988 | D:3      | Reached XP level 5. HP: 19/42 MP: 5/5
  2089 | D:3      | Reached XP level 6. HP: 38/48 MP: 6/6
  2298 | D:3      | Found a sacrificial altar of Ru.
  2734 | D:3      | Gained mutation: Scrolls take you a little longer to read.
                  | [potion of mutation]
  2734 | D:3      | Gained mutation: You passively map a small area around you.
                  | [potion of mutation]
  2734 | D:3      | Gained mutation: You are agile. (Dex +2) [potion of
                  | mutation]
  2734 | D:3      | Slain by an orc

Vault maps used:
D:1:      roderic_crossed_star, st_stairs_8, kennysheep_pointless_box
D:2:      serial_co_window_serial, co_window_paths_b, co_window_paths_b,
          co_window_corner_a, co_window_paths_a, co_window_of_opportunity_a,
          co_window_unsneaky_path_e, co_window_broadway_b, co_window_broadway_c,
          co_window_paths_d, minmay_tromino_v4_a
D:3:      amethyst_overflow_temple_binary, nicolae_ru_great_annihilating_truth,
          uniq_natasha, uniq_sigmund

Skill      XL: |  1  2  3  4  5  6 |
---------------+-------------------+-----
Polearms       | 5 6 |  6.7
Fighting       | 3 4 |  4.4
Dodging        | 5 6 |  6.2
Throwing       | |  2.0

Action                   |  1- 3 |  4- 6 || total
-------------------------+-------+-------++-------
Melee: Trident           |   115 |    66 ||   181
       Halberd           |       |    12 ||    12
Throw: Throwing net      |       |     3 ||     3
  Use: Potion            |       |     3 ||     3
 Stab: Sleeping          |     2 |       ||     2
       Held in net/web   |       |     1 ||     1
       Paralysed         |       |     1 ||     1
  Eat: Chunk             |     3 |     3 ||     6
Armor: Leather armour    |    18 |    10 ||    28
Dodge: Dodged            |    55 |    42 ||    97

Table legend:
 A = Non-vault XP
 B = Vault XP
 C = Vault XP percentage of total XP
 D = Non-vault monster count
 E = Vault monster count
 F = Vault count percentage of total count
                 A         B        C        D         E       F
            +---------+---------+-------+---------+---------+-------
      Total |     141 |     275 |  66.1 |      49 |      10 |  16.9
            +---------+---------+-------+---------+---------+-------
        D:1 |      25 |       1 |   3.8 |      15 |       1 |   6.2
        D:2 |      38 |       5 |  11.6 |      13 |       4 |  23.5
        D:3 |      78 |     269 |  77.5 |      21 |       5 |  19.2
            +---------+---------+-------+---------+---------+-------
